 Dungeon Crawl Stone Soup version 0.30-a0-553-g7fabdf1491 (webtiles) character file.

Game seed: 6027386377542610603

44 Darkkill the Shooter (level 3, -3/31 HPs)
             Began as a Minotaur Hunter on Dec 27, 2022.
             Slain by a gnoll
             ... wielding a +0 club
              (5 damage)
             ... on level 2 of the Dungeon.
             The game lasted 00:00:48 (1097 turns).

Darkkill the Shooter (Minotaur Hunter)              Turns: 1097, Time: 00:00:49

Health: -3/31      AC:  4    Str: 21    XL:     3   Next: 39%
Magic:  2/2        EV: 12    Int:  6    God:
Gold:   100        SH:  5    Dex: 15    Spells: 2/2 levels left

rFire   . . .      SeeInvis .    a - +1 shortbow
rCold   . . .      Faith    .    (shield currently unavailable)
rNeg    . . .      Spirit   .    c - +0 leather armour
rPois   .          Reflect  +    (helmet restricted)
rElec   .          Harm     .    h - +0 cloak
rCorr   .          Rampage  .    (no gloves)
Will    .....                    (no boots)
Stlth   ++                       i - amulet of reflection
HPRegen 0.25/turn                d - +6 ring of strength
MPRegen 0.08/turn                (no ring)

@: weak-willed
A: horns 2, retaliatory headbutt
a: no special abilities


You were on level 2 of the Dungeon.
You visited 1 branch of the dungeon, and saw 2 of its levels.

You collected 100 gold pieces.

Inventory:

Hand Weapons
 a - a +1 shortbow (weapon)
Missiles
 j - 9 stones
 k - 3 javelins
Armour
 c - a +0 leather armour (worn)
 h - a +0 cloak (worn)
Jewellery
 d - a +6 ring of strength (left hand)
 i - an amulet of reflection (around neck)
Scrolls
 b - a scroll of immolation
 m - a scroll of enchant weapon
 o - a scroll of teleportation {unknown}
Potions
 e - 2 potions of attraction
 f - a potion of resistance {unknown}
 l - a potion of degeneration {unknown}
 n - a potion of flight {unknown}


   Skills:
 + Level 3.1 Fighting
 + Level 4.7 Ranged Weapons
 + Level 2.8 Dodging
 + Level 1.5 Stealth


You had 2 spell levels left.
You didn't know any spells.
Your spell library was empty.

Dungeon Overview and Level Annotations

Branches:
Dungeon (2/15)

Altars:

Shops:
D:1 =


Innate Abilities, Weirdness & Mutations

You have a pair of horns on your head.
You reflexively headbutt those who attack you in melee.


Message History

You shoot an arrow. The arrow hits the frilled lizard.
You kill the frilled lizard!
Found a stone staircase leading up.
A hobgoblin comes into view.
The hobgoblin shouts!
You shoot an arrow. The arrow hits the hobgoblin!
You kill the hobgoblin!
A ball python comes into view.
Your Fighting skill increases to level 3!
A ball python is nearby!
You shoot an arrow.
The arrow closely misses the ball python.
The ball python hisses angrily.
A ball python is nearby!
You shoot an arrow. The arrow hits the ball python!
You kill the ball python!
Found a ring mail.
No target in view!
o - a scroll labelled HYDASHRAABB No target in view!
Found a war axe.
No target in view!
Found a stone staircase leading up.
No target in view!
Found an escape hatch in the ceiling.
No target in view!
An endoplasm comes into view.
You shoot an arrow. The arrow hits the endoplasm.
The endoplasm quivers.
The endoplasm is almost dead.
An endoplasm is nearby!
You shoot an arrow. The arrow hits the endoplasm!
You kill the endoplasm!
Found a stone staircase leading down.
No target in view!
Things that are here:
a +0 dagger; a goblin corpse You see here a +0 short sword.
Found a falchion.
No target in view!
A gnoll comes into view. It is wielding a +0 spear.
You shoot an arrow. The arrow hits the gnoll.
The gnoll is lightly wounded.
You hear a shout! x2
A gnoll is nearby!
You shoot an arrow. The arrow hits the gnoll.
The gnoll is moderately wounded.
You hear a shout!
A gnoll is nearby!
You shoot an arrow. The arrow hits the gnoll!
You kill the gnoll!
You hear a shout!
No target in view!
A gnoll comes into view. It is wielding a +0 club.
A gnoll is nearby!
You shoot an arrow. The arrow completely misses the gnoll.
A gnoll comes into view. It is wielding a +0 spear.
There are monsters nearby!
You shoot an arrow. The arrow hits the gnoll.
The gnoll is lightly wounded.
The gnoll hits you with a +0 club.
The gnoll hits you from afar with a +0 spear.
There are monsters nearby!
You shoot an arrow. The arrow hits the gnoll!
The gnoll is heavily wounded.
A gnoll comes into view. It is wielding a +0 whip.
You block the gnoll's attack.
The gnoll hits you from afar with a +0 spear!
There are monsters nearby!
You are too injured to fight recklessly!
You are too injured to fight recklessly!
There are monsters nearby!
You are too injured to fight recklessly!
There are monsters nearby!
You are too injured to fight recklessly!
There are monsters nearby!
You shoot an arrow. The arrow closely misses the gnoll.
The arrow hits the gnoll but does no damage.
The gnoll barely misses you. The gnoll hits you with a +0 club.
The gnoll hits you from afar with a +0 spear.
The gnoll attacks as you move away! The gnoll hits you but does no damage.
The gnoll hits you with a +0 whip.
You shoot an arrow. The arrow hits the gnoll.
The gnoll is moderately wounded.
The gnoll misses you. The gnoll hits you with a +0 club.
* * * LOW HITPOINT WARNING * * *
The gnoll hits you from afar with a +0 spear.
* * * LOW HITPOINT WARNING * * *
You shoot an arrow. The arrow barely misses the gnoll.
The arrow hits the gnoll but does no damage.
You block the gnoll's attack. The gnoll barely misses you.
The gnoll closely misses you. You furiously retaliate!
You headbutt the gnoll, but do no damage.
The gnoll hits you but does no damage. The gnoll barely misses you.
As you read the scroll labelled OLIAWKEAGA, it crumbles to dust.
Magic quickly surges around you.
It was a scroll of vulnerability.
The gnoll hits you with a +0 whip.
* * * LOW HITPOINT WARNING * * *
The gnoll hits you with a +0 club.
You die...

#####...#.......#.....#
.# ##..........#.....#
.# #.#..............#
.#####.####...##......#
....##..#####..#......#
..#.###...............#
..#.#........#.#.######
....).######.#..g#####
..#..##### #)...@.g..#
..##.....# #####g###..#
.......#.## #.. #
..####.#..## #### ..#
#.##..### ###
#..##...## ##.......#
#####...# #####


You could see 3 gnolls.

Vanquished Creatures
  A gnoll (D:2)
  A worm (D:2)
  A dart slug (D:2)
  4 ball pythons
  2 endoplasms (D:2)
  2 giant cockroaches (D:1)
  2 goblins (D:2)
  5 hobgoblins
  2 bats
  2 frilled lizards
  3 kobolds
  3 rats
28 creatures vanquished.

Notes
Turn   | Place    | Note
-------+----------+-------------------------------------------
     0 | D:1      | Darkkill the Minotaur Hunter began the quest for the Orb.
     0 | D:1      | Reached XP level 1. HP: 18/18 MP: 0/0
    93 | D:1      | Reached skill level 1 in Stealth
   296 | D:1      | Found Ynabojiu's Jewellery Boutique.
   395 | D:1      | Reached XP level 2. HP: 25/25 MP: 1/1
   907 | D:2      | Reached XP level 3. HP: 30/30 MP: 2/2
  1095 | D:2      | HP: 5/31 [gnoll/+0 spear (2)]
  1097 | D:2      | HP: 2/31 [gnoll/+0 whip (3)]
  1097 | D:2      | Slain by a gnoll

Illustrated notes

Levels and vault maps discovered:
D:1:      mushboom_english_gardens, layout_basic, serial_shops, shop,
          minmay_pentomino_u4
D:2:      layout_rooms

Skill      XL: |  1  2  3 |
---------------+----------+-----
Stealth        | 1 |  1.5
Fighting       | 3 |  3.1
Ranged Weapons | |  4.7
Dodging        | |  2.8

Action                   || total
-------------------------++-------
 Fire: Shortbow          ||    70
  Use: Scroll            ||     3
Armor: Leather armour    ||     4
Dodge: Dodged            ||    11
Block: Other             ||     2

Table legend: (Time is in decaauts)
 A = Elapsed time spent in this place.
 B = Non-inter-level travel time spent in this place.
 C = Inter-level travel time spent in this place.
 D = Time resting spent in this place.
 E = Time spent auto-exploring this place.
 F = Levels seen in this place.
 G = Mean time per level.
                   A        B        C        D        E       F      G
               +--------+--------+--------+--------+--------+-----+--------+
         Total |   1118 |   1118 |      0 |      0 |    942 |   2 |  559.0 |
       Dungeon |   1118 |   1118 |      0 |      0 |    942 |   2 |  559.0 |
               +--------+--------+--------+--------+--------+-----+--------+

Top non-repeatable levels by time:
     D:1: 707 daAuts
     D:2: 411 daAuts

Table legend:
 A = Kills in this place as a percentage of kills in entire the game.
 B = Kills by you in this place as a percentage of kills by you in the entire game.
 C = Kills by friends in this place as a percentage of kills by friends in the entire game.
 D = Other kills in this place as a percentage of other kills in the entire game.
 E = Experience gained in this place as a percentage of experience gained in the entire game.
 F = Experience gained in this place divided by the number of levels of this place that you have seen.
                   A       B       C       D       E      F
               +-------+-------+-------+-------+-------+----------------------
         Total | 100.0 | 100.0 |   N/A |   N/A | 100.0 |  31.5
       Dungeon | 100.0 | 100.0 |   N/A |   N/A | 100.0 |  31.5
               +-------+-------+-------+-------+-------+----------------------
